Map: Neon Violet Square LE

Players

eql - Winner!

  • Race: Terran Terran
  • Spawn Location: 5:00

Rektum

  • Race: Protoss Protoss
  • League: Bronze
  • Spawn Location: 11:00

VOD

Have the link to the VOD?

Description

Time

  • Played on: Jan. 28, 2018, 12:28 p.m.
  • Length: 35:18
Show
View Real Time Build Order
Export as new Build Order

eql Terran - Winner!

Build Orders:  

Get SALT Encoding   

  12  0:03  SCV  
  13  0:19  Supply Depot  
  13  0:46  Barracks  
  13  0:58  Refinery  
  13  1:15  Refinery  
  14  1:25  SCV  
  14  1:37  SCV  
  15  1:44  Barracks Tech Lab  
  15  1:59  SCV  
  16  2:06  Supply Depot, Reaper  
  17  2:11  SCV  
  18  2:38  Marine  
  18  2:42  Factory  
  19  2:56  Marine  
  20  3:14  Marine  
  21  3:32  Marine  
  21  3:33  Hellion  
  24  3:46  Starport  
  24  3:49  Marine  
  24  3:54  Hellion  
  27  4:08  Marauder  
  29  4:15  Hellion  
  31  4:27  Supply Depot  
  31  4:48  Viking  
  31  4:49  Marauder, Hellion  
  31  4:50  Supply Depot  
  37  5:10  Marauder  
  37  5:12  Hellion, SCV  
  42  5:18  Viking  
  44  5:24  SCV  
  44  5:28  Supply Depot  
  45  5:31  Marauder  
  47  5:43  Refinery  
  48  5:50  SCV  
  48  5:53  Marauder  
  48  5:54  Supply Depot  
  50  6:02  SCV  
  50  6:14  SCV  
  51  6:26  SCV  
  52  6:34  Marine  
  52  6:38  SCV  
  56  6:47  Hellion  
  56  6:51  Marine  
  57  6:58  Bunker  
  59  7:08  Hellion  
  59  7:09  Supply Depot, SCV  
  59  7:10  Marauder  
  62  7:31  Marauder  
  62  7:48  Command Center  
  62  7:53  Marauder  
  64  7:58  Supply Depot  
  64  8:08  Command Center  
  64  8:38  Engineering Bay  
  64  8:51  Orbital Command  
  62  9:21  Planetary Fortress  
  62  9:31  Cyclone  
  65  9:38  Starport Tech Lab  
  65  9:49  Fusion Core  
  65  9:53  Refinery  
  65  9:57  SCV  
  66  10:03  Cyclone  
  66  10:05  SCV  
  70  10:09  SCV  
  70  10:12  Refinery  
  71  10:17  SCV  
  72  10:21  SCV  
  73  10:29  SCV  
  73  10:33  SCV  
  73  10:35  Terran Infantry Weapons Level 1  
  75  10:41  SCV  
  76  10:45  SCV  
  76  10:46  Battlecruiser  
  83  10:53  SCV  
  83  10:56  Supply Depot  
  84  11:08  Refinery  
  84  11:15  Factory Tech Lab  
  84  11:19  Marauder  
  86  11:29  Supply Depot  
  86  11:40  Marauder  
  88  11:50  Battlecruiser  
  96  12:01  Marauder  
  96  12:13  Weapon Refit  
  98  12:23  Marauder  
  98  12:29  Terran Infantry Armor Level 1  
  98  12:43  Siege Tank, Marine  
  102  12:44  Supply Depot  
  102  12:54  Battlecruiser  
  108  13:01  Marine  
  109  13:10  Sensor Tower  
  90  14:38  Supply Depot  
  90  14:51  Sensor Tower  
  90  14:58  Battlecruiser  
  96  15:03  Marauder  
  98  15:29  Command Center  
  98  15:43  Supply Depot  
  98  16:02  Battlecruiser  
  104  16:14  Supply Depot  
  104  16:20  Refinery  
  104  16:23  Refinery  
  104  16:26  Missile Turret  
  104  16:42  Planetary Fortress  
  104  16:58  Missile Turret  
  104  17:01  Supply Depot  
  104  17:06  Battlecruiser  
  110  17:21  Siege Tank  
  113  17:37  Supply Depot  
  113  17:51  Marauder  
  113  17:53  Siege Tank  
  118  18:00  SCV  
  119  18:11  Battlecruiser  
  119  18:12  SCV  
  126  18:13  Marauder  
  126  18:15  Supply Depot  
  128  18:24  SCV  
  128  18:25  Siege Tank  
  119  18:34  Marauder  
  119  18:36  SCV  
  115  18:48  SCV  
  108  18:56  Marauder  
  108  18:57  Siege Tank  
  113  19:15  Battlecruiser  
  121  19:17  Marauder  
  121  19:28  Starport  
  121  19:29  Siege Tank  
  124  19:34  SCV  
  125  19:46  SCV  
  126  19:59  SCV  
  127  20:11  SCV  
  128  20:18  Starport Tech Lab  
  128  20:19  Battlecruiser  
  134  20:23  SCV  
  135  20:31  Missile Turret  
  135  20:45  Starport  
  135  21:08  Missile Turret  
  135  21:17  Battlecruiser  
  141  21:23  Starport Tech Lab, Battlecruiser  
  147  21:35  Missile Turret  
  147  21:46  Starport  
  147  22:04  Marauder  
  149  22:21  Battlecruiser  
  155  22:26  Marauder  
  155  22:28  Battlecruiser  
  157  22:47  Marauder  
  157  22:48  Missile Turret  
  159  23:02  Missile Turret  
  159  23:08  Marauder  
  158  23:25  Battlecruiser  
  164  23:30  Marauder  
  164  23:32  Battlecruiser  
  166  24:30  Battlecruiser  
  172  24:35  Missile Turret  
  172  24:36  Battlecruiser  
  178  24:50  Starport Tech Lab  
  178  25:34  Battlecruiser  
  184  25:40  Battlecruiser  
  136  26:38  Battlecruiser  
  142  26:43  Siege Tank  
  142  26:45  Battlecruiser  
  151  26:50  Viking  
  156  27:15  Siege Tank  
  156  27:20  Viking  
  158  27:26  Command Center  
  158  27:30  Armory  
  158  27:43  Battlecruiser  
  164  27:47  Siege Tank  
  164  27:49  Battlecruiser  
  164  27:50  Viking  
  175  28:19  Siege Tank  
  178  28:42  Planetary Fortress  
  178  28:47  Battlecruiser  
  184  28:52  Siege Tank  
  184  28:53  Battlecruiser, Planetary Fortress  
  193  29:01  Refinery  
  193  29:51  Battlecruiser  
  199  30:12  Refinery  
  171  30:55  Battlecruiser  
  177  32:22  Sensor Tower  
  172  32:58  Sensor Tower  
  171  33:57  Sensor Tower  
Show
View Real Time Build Order
Export as new Build Order

Rektum Protoss 

Build Orders:  

Get SALT Encoding   

  12  0:13  Pylon  
  12  0:33  Gateway  
  12  0:34  Probe  
  13  0:43  Assimilator  
  13  0:46  Probe  
  14  0:51  Assimilator  
  14  1:28  Cybernetics Core  
  14  1:37  Pylon, Probe  
  15  1:49  Probe  
  16  2:01  Probe  
  17  2:05  Stalker  
  17  2:08  Warp Gate  
  19  2:13  Probe  
  20  2:16  Pylon  
  20  2:25  Probe  
  21  2:33  Twilight Council  
  21  2:49  Gateway  
  21  3:01  Gateway  
  21  3:08  Pylon  
  21  3:13  Probe (Chrono Boost)  
  22  3:27  Gateway  
  22  3:43  Stalker  
  25  3:57  Probe (Chrono Boost)  
  25  4:02  Probe (Chrono Boost)  
  26  4:12  Probe  
  27  4:23  Stalker  
  29  4:24  Stalker x3  
  35  5:08  Probe (Chrono Boost)  
  35  5:10  Nexus  
  35  5:13  Pylon  
  36  5:20  Probe (Chrono Boost)  
  37  5:38  Stalker  
  37  5:39  Stalker  
  37  5:40  Pylon  
  41  5:43  Stalker  
  41  5:49  Stalker  
  43  6:29  Stalker x2  
  43  6:30  Stalker x2  
  51  6:43  Probe  
  52  6:55  Probe  
  53  7:07  Probe  
  54  7:15  Stalker  
  54  7:19  Probe  
  54  7:21  Nexus  
  57  7:31  Probe  
  48  7:49  Probe  
  49  8:01  Probe  
  50  8:13  Adept x2, Probe  
  50  8:14  Adept x2  
  59  8:25  Probe  
  60  8:37  Probe  
  53  9:15  Probe  
  54  9:20  Probe  
  55  9:25  Assimilator  
  55  9:27  Probe  
  55  9:30  Assimilator  
  56  9:32  Probe  
  56  9:37  Stalker x2  
  56  9:38  Stalker x2  
  63  9:39  Probe  
  63  9:44  Probe  
  67  9:51  Probe  
  68  9:56  Pylon, Probe  
  69  10:02  Gateway  
  69  10:03  Probe  
  69  10:04  Gateway  
  70  10:08  Probe  
  70  10:10  Gateway  
  71  10:15  Probe  
  72  10:23  Probe  
  72  10:27  Probe  
  74  10:35  Probe  
  75  10:39  Probe  
  75  10:42  Pylon  
  76  10:47  Probe  
  77  10:51  Probe  
  78  10:59  Probe  
  78  11:01  Nexus  
  78  11:04  Probe  
  80  11:11  Probe  
  80  11:13  Stalker x2  
  80  11:14  Stalker x2  
  80  11:16  Stalker  
  80  11:17  Stalker x2  
  95  11:37  Stalker x2  
  95  11:38  Stalker  
  101  11:40  Stalker  
  101  11:41  Stalker x2  
  101  11:42  Stalker  
  101  11:47  Pylon  
  109  11:48  Pylon  
  109  11:49  Pylon  
  109  11:55  Pylon  
  109  12:06  Probe  
  110  12:12  Stalker  
  110  12:13  Stalker x3  
  110  12:14  Stalker x2  
  110  12:15  Stalker  
  124  12:38  Blink  
  124  12:50  Probe  
  125  12:52  Gateway  
  125  12:57  Assimilator  
  125  12:59  Probe  
  125  13:00  Assimilator  
  125  13:02  Probe  
  127  13:11  Probe  
  128  13:12  Stalker  
  128  13:13  Stalker x2  
  128  13:14  Stalker x3  
  128  13:15  Stalker, Probe  
  143  13:23  Probe  
  145  13:27  Probe  
  139  13:36  Probe  
  139  13:39  Probe  
  121  13:48  Probe  
  100  13:51  Probe  
  79  14:07  Pylon  
  79  14:12  Stalker  
  79  14:13  Stalker x3  
  78  14:24  Probe  
  79  14:31  Probe  
  79  14:36  Probe  
  79  14:37  Assimilator  
  81  14:39  Assimilator  
  81  14:42  Stalker  
  81  14:43  Probe, Stalker x3  
  81  14:44  Stalker x3  
  96  14:49  Probe  
  97  14:56  Probe  
  97  14:57  Stalker  
  100  15:01  Probe  
  101  15:08  Probe  
  101  15:13  Probe  
  103  15:17  Stalker x2  
  103  15:18  Stalker  
  103  15:19  Stalker x2  
  103  15:20  Probe, Stalker x3  
  120  15:26  Nexus  
  120  15:32  Probe  
  121  15:44  Probe  
  121  15:45  Pylon  
  121  15:47  Pylon  
  122  15:51  Pylon, Probe  
  122  15:56  Probe  
  124  16:00  Stalker  
  124  16:01  Stalker x2  
  124  16:02  Stalker  
  124  16:03  Probe  
  133  16:07  Stalker x3  
  133  16:08  Probe, Stalker  
  142  16:15  Probe  
  143  16:27  Stargate, Probe  
  143  16:30  Stargate  
  144  16:36  Stargate  
  144  16:39  Probe  
  145  16:47  Stargate  
  145  16:55  Stargate  
  145  16:58  Stalker x3  
  145  16:59  Stalker x3  
  145  17:00  Stalker x2  
  161  17:12  Probe  
  162  17:18  Assimilator  
  162  17:23  Assimilator  
  162  17:24  Probe  
  162  17:28  Stalker x3  
  162  17:29  Stalker  
  171  17:32  Stalker x2  
  171  17:33  Stalker x2  
  179  17:42  Pylon  
  179  17:45  Pylon  
  179  17:47  Pylon  
  179  17:50  Pylon  
  179  18:00  Probe  
  180  18:06  Fleet Beacon  
  180  18:12  Probe  
  181  18:24  Probe  
  120  18:59  Probe  
  121  19:11  Probe  
  122  19:23  Probe  
  123  19:28  Anion Pulse-Crystals  
  123  19:33  Phoenix  
  123  19:34  Phoenix x4  
  123  19:35  Probe  
  134  19:45  Stalker x3  
  138  19:46  Stalker x2  
  138  19:47  Probe, Stalker x3  
  151  19:58  Phoenix x2  
  151  19:59  Phoenix x3, Probe  
  162  20:12  Probe  
  163  20:21  Nexus  
  163  20:23  Phoenix x2  
  163  20:24  Phoenix x3, Probe  
  174  20:36  Probe  
  175  20:48  Phoenix x2, Probe  
  175  20:49  Phoenix x3  
  186  20:56  Pylon  
  186  20:59  Pylon  
  186  21:02  Pylon  
  186  21:06  Pylon  
  186  21:13  Phoenix x2  
  186  21:14  Phoenix x3  
  196  21:19  Stalker x2  
  192  22:42  Stalker  
  192  22:43  Stalker x2  
  192  22:44  Stalker  
  132  23:51  Stalker x2  
  132  23:52  Stalker  
  132  23:53  Stalker x2  
  132  23:54  Stalker  
  132  23:55  Stalker x2  
  140  24:06  Graviton Catapult  
  140  24:20  Tempest x3  
  140  24:21  Tempest x2  
  170  24:38  Stalker  
  170  24:39  Stalker x3  
  178  24:53  Probe  
  179  25:00  Assimilator  
  179  25:03  Tempest x3  
  179  25:05  Assimilator, Probe  
  198  25:17  Probe  
  199  25:29  Probe  
  199  25:31  Pylon  
  199  25:33  Pylon  
  200  25:36  Pylon  
  200  25:38  Pylon  
  200  25:40  Pylon  
  200  25:41  Probe  
  195  25:43  Stalker x2  
  195  25:44  Stalker x2  
  183  26:12  Stalker x3  
  183  26:13  Stalker  
  175  26:42  Pylon  
  175  26:43  Pylon  
  175  26:45  Pylon  
  175  26:47  Pylon  
  175  26:49  Probe  
  176  27:01  Probe  
  177  27:13  Probe  
  178  27:16  Tempest x3  
  196  27:26  Probe  
  197  27:38  Probe  
  198  27:53  Pylon  
  198  27:55  Pylon  
  198  27:57  Pylon  
  198  28:00  Pylon  
  198  28:05  Pylon  
  198  28:26  Phoenix  
  200  28:52  Nexus  
  200  29:00  Assimilator  
  200  29:02  Assimilator  
  200  29:47  Assimilator  
  200  29:50  Assimilator  
  200  29:53  Nexus  
  160  31:03  Nexus  
  160  31:06  Assimilator  
  160  31:07  Assimilator  
  143  31:20  Stalker x2  
  143  31:21  Stalker x2  
  143  31:22  Stalker x3  
  143  31:23  Stalker  
  154  31:31  Carrier  
  154  31:32  Carrier x4  
  182  31:47  Pylon  
  182  31:49  Pylon  
  182  31:51  Pylon  
  174  31:59  Stalker  
  151  32:54  Stalker  
  151  32:55  Stalker x2  
  151  32:56  Stalker x2  
  151  32:57  Stalker x2  
  118  33:57  Stalker  
  118  33:58  Stalker x3  
  118  33:59  Stalker x2  
  118  34:00  Stalker x2  
  118  34:23  Stalker x2  
  118  34:24  Stalker  
  121  34:25  Stalker  
  121  34:26  Stalker  
  121  34:27  Stalker  
  121  34:29  Stalker  
  121  34:30  Stalker  
  114  34:48  Stalker x2  
  114  34:50  Stalker x2  
  114  34:51  Stalker  
  114  34:52  Stalker  
  125  34:53  Stalker  
Tags
 
Add a new tag
Caveats
  • Supply blocks, unpowered buildings, or Contaminate may cause inaccurate times.
  • Supply counts are checked every 10 seconds.